 Dungeon Crawl Stone Soup version 0.27.0-1-g7a089689b8 (webtiles) character file.

Game seed: 10475466765567597952

5 Sin92 the Skirmisher (level 1, -4/18 HPs)
             Began as a Demonspawn Fighter on Aug 14, 2021.
             Slain by a worm (8 damage)
             ... on level 2 of the Dungeon.
             The game lasted 00:00:43 (500 turns).

Sin92 the Skirmisher (Demonspawn Fighter)            Turns: 500, Time: 00:00:43

Health: -4/18      AC:  7    Str: 16    XL:     1   Next: 66%
Magic:  1/1        EV:  6    Int:  9    God:
Gold:   56         SH:  8    Dex: 12    Spells: 0/0 levels left

rFire    . . .     SeeInvis .   a - +0 long sword
rCold    . . .     Faith    .   c - +0 kite shield
rNeg     . . .     Spirit   .   b - +0 scale mail
rPois    .         Reflect  .   h - +0 helmet
rElec    .         Harm     .   (no cloak)
rCorr    .         Rampage  .   (no gloves)
Will     +....                  (no boots)
Stlth    ..........             (no amulet)
HPRegen  0.06/turn              g - ring of willpower
MPRegen  0.07/turn              (no ring)

@: no status effects
A: no striking features
a: no special abilities


You were on level 2 of the Dungeon.
You visited 1 branch of the dungeon, and saw 2 of its levels.

You collected 56 gold pieces.

Inventory:

Hand Weapons
 a - a +0 long sword (weapon)
Armour
 b - a +0 scale mail (worn)
 c - a +0 kite shield (worn)
 h - a +0 helmet (worn)
Jewellery
 g - a ring of willpower (left hand)
Scrolls
 e - a scroll of identify {unknown}
Potions
 d - a potion of might


   Skills:
 + Level 3.0 Fighting
 * Level 2.0 Long Blades
 + Level 2.7 Armour
 + Level 0.2 Dodging
 + Level 2.7 Shields


You couldn't memorise any spells.
You didn't know any spells.
Your spell library was empty.

Dungeon Overview and Level Annotations

Branches:
Dungeon (2/15)

Altars:

Shops:
D:1 [


Message History

The kobold throws a stone.
The stone hits you but does no damage.
You hit the ball python but do no damage.
You block the ball python's attack. The ball python grabs you.
* * * LOW HITPOINT WARNING * * *
The ball python constricts you.
You barely miss the ball python. You block the ball python's attack.
The ball python constricts you. You block the ball python's attack.
The ball python constricts you.
You hit the ball python.
You kill the ball python!
The kobold throws a stone.
You block the stone.
Unknown command.
You barely miss the worm.
The worm is lightly wounded.
The worm barely misses you.
You hit the worm.
The worm is lightly wounded.
The worm barely misses you.
You barely miss the worm.
The worm is lightly wounded.
The worm bites you but does no damage.
You hit the worm.
The worm is moderately wounded.
You block the worm's attack.
Unknown command.
You hit the worm.
The worm is moderately wounded.
You block the worm's attack.
You slash the worm!
The worm is almost dead.
The worm barely misses you.
You riposte.
You barely miss the worm.
The worm is severely wounded.
You hit the worm.
The worm is almost dead.
The worm bites you.
* * * LOW HITPOINT WARNING * * *
You hit the worm but do no damage.
The worm is almost dead.
The worm bites you!
You die...

..# ...... # ....# #.
....###### .#.#
........# .....
........#
.#.#.#########.......#
............@wK.......
.#..........##.......#
.........##.##.......#
#..[.###.##.##.......#
#.#.........#...[....#
##.###.####........#
#.. .........# ####
......#### .......#


You could see a worm and a kobold.

Vanquished Creatures
  An endoplasm (D:1)
  A goblin (D:1)
  A ball python (D:2)
  A bat (D:1)
  A kobold (D:2)
  A rat (D:2)
6 creatures vanquished.

Notes
Turn   | Place    | Note
-------+----------+-------------------------------------------
     0 | D:1      | Sin92 the Demonspawn Fighter began the quest for the Orb.
     0 | D:1      | Reached XP level 1. HP: 18/18 MP: 1/1
    77 | D:1      | Found a faded altar of an unknown god.
    77 | D:1      | Noticed a crimson imp
   127 | D:1      | Found Queqalleu's Armour Shop.
   500 | D:2      | Slain by a worm

Illustrated notes

Levels and vault maps discovered:
D:1:      arrival_zaba_pyramid, layout_basic,
          dreamdust_ecumenical_altar_sealed_demon, serial_shops, shop_fountains
D:2:      layout_basic, grunt_ministairs_10, st_stairs_2, uniq_natasha

Skill      XL: |  1 |
---------------+----+-----
Long Blades    | 2 |  2.0
Fighting       | |  3.0
Armour         | |  2.7
Dodging        | |  0.2
Shields        | |  2.7

Action                   || total
-------------------------++-------
Melee: Long sword        ||    28
  Use: Scroll            ||     1
Armor: Scale mail        ||    17
Dodge: Dodged            ||    12
Block: Kite shield       ||    17
       Rpst.: Long sword ||     4
